 Dungeon Crawl Stone Soup version 0.22.1-2-g9c5b331 (webtiles) character file.

46577 Yuikono the Blocker (level 14, -21/84 HPs)
             Began as a Gargoyle Fighter on Nov 27, 2018.
             Was an Elder of Zin.
             Demolished by a white ugly thing (36 damage)
             ... on level 14 of the Dungeon on Nov 28, 2018.
             The game lasted 01:58:20 (19135 turns).

Yuikono the Blocker (Gargoyle Fighter)             Turns: 19135, Time: 01:58:21

Health: -21/84     AC: 38    Str: 24    XL:     14   Next: 38%
Magic:  22/22      EV:  7    Int:  9    God:    Zin [****..]
Gold:   622        SH: 15    Dex: 10    Spells: 13/13 levels left

rFire    + + .     SeeInvis .   i - +3 mace (venom)
rCold    x . .     Gourm    .   h - +2 shield
rNeg     + . .     Faith    .   Y - +1 plate armour {rF+}
rPois    ∞         Spirit   .   G - +0 helmet
rElec    +         Reflect  .   X - +1 cloak
rCorr    .         Harm     +   J - +2 pair of gloves
MR       +....                  U - +1 pair of boots
Stlth    ..........             O - amulet of harm
HPRegen  0.24/turn              q - ring of stealth
MPRegen  0.18/turn              w - ring of fire

@: reciting, flying
A: big wings, negative energy resistance 1, electricity resistance, unbreathing,
petrification resistance, rot immunity, AC +10
a: Stop Flying, Recite, Vitalisation, Imprison, Donate Gold, Renounce Religion


You were on level 14 of the Dungeon.
You worshipped Zin.
Zin was greatly pleased with you.
You were not hungry.

You visited 2 branches of the dungeon, and saw 15 of its levels.
You also visited: Labyrinth.

You collected 691 gold pieces.
You donated 69 gold pieces to Zin.

Inventory:

Hand Weapons
 i - a +3 mace of venom (weapon)
 C - a +0 scimitar of flaming
 H - a +1 flail of holy wrath
Missiles
 c - 10 poisoned javelins (quivered)
 j - 8 tomahawks
 s - 2 silver javelins
Armour
 h - a +2 shield (worn)
 G - a +0 helmet (worn)
 J - a +2 pair of gloves (worn)
 R - the -1 buckler of Amelioration {rF++ Slay+2}
   (You found it on level 7 of the Dungeon)

   It affects your accuracy and damage with ranged weapons and melee attacks
   (+2).
   It greatly protects you from fire.
 U - a +1 pair of boots (worn)
 X - a +1 cloak (worn)
 Y - a +1 plate armour of fire resistance (worn)
 Z - a +1 plate armour of cold resistance
Jewellery
 b - an uncursed ring of ice
 q - a ring of stealth (left hand)
 w - a ring of fire (right hand)
 O - an amulet of harm (around neck)
Wands
 o - a wand of acid (14)
 D - a wand of digging (32)
 F - a wand of flame (120)
 T - a wand of paralysis (12)
 V - a wand of iceblast (5)
 W - a wand of disintegration (16)
Scrolls
 d - a scroll of immolation
 k - 2 scrolls of amnesia
 p - 3 scrolls of enchant weapon
 t - 4 scrolls of remove curse
 u - 2 scrolls of enchant armour
 x - 6 scrolls of teleportation
 B - 5 scrolls of identify
 E - 5 scrolls of fear
 M - a scroll of holy word
 N - 2 scrolls of blinking
 S - 2 scrolls of acquirement
Potions
 a - 4 potions of curing
 l - 2 potions of magic
 m - 2 potions of invisibility
 r - a potion of haste
 v - 2 potions of ambrosia
 A - a potion of brilliance
 I - 3 potions of might
 K - 2 potions of mutation
 Q - 3 potions of heal wounds
Comestibles
 f - 20 rations


   Skills:
 - Level 8.8 Fighting
 + Level 12.4 Maces & Flails
 + Level 13.6 Armour
 + Level 13.6 Shields
 + Level 10.9 Invocations


You had 13 spell levels left.
You didn't know any spells.
Your spell library contained the following spells:

 Spells                   Type           Power        Failure   Level  Hunger
 Ensorcelled Hibernation  Hex/Ice        #.....       99%         2    ###....
 Poisonous Vapours        Pois/Air       #.....       99%         2    ###....
 Conjure Flame            Conj/Fire      #.......     100%        3    ####...
 Mephitic Cloud           Conj/Pois/Air  #.......     100%        3    ####...
 Recall                   Summ/Tloc      N/A          100%        3    ####...
 Animate Dead             Necr           N/A          100%        4    #####..
 Cause Fear               Hex            #.........   100%        4    #####..
 Borgnjor's Vile Clutch   Necr/Erth      #.........   100%        5    ######.
 Silence                  Hex/Air        #.........   100%        5    ######.
 Yara's Violent Unravell  Hex/Tmut       #.........   100%        5    ######.
 Darkness                 Hex            #.........   100%        6    #######
 Death Channel            Necr           #.........   100%        6    #######
 Deflect Missiles         Chrm/Air       #.........   100%        6    #######
 Freezing Cloud           Conj/Ice/Air   #.........   100%        6    #######
 Shadow Creatures         Summ           N/A          100%        6    #######
 Simulacrum               Ice/Necr       #.........   100%        6    #######
 Ring of Flames           Chrm/Fire      #.........   100%        7    #######
 Discord                  Hex            #.........   100%        8    #######


Dungeon Overview and Level Annotations

Branches:
Dungeon (14/15)            Temple (1/1) D:6            Lair (0/6) D:11
    Orc (0/2) D:9          Vaults (0/5) D:13

Altars:
Ashenzari
Cheibriados
Dithmenos
Elyvilon
Fedhas
Gozag
Hepliaklqana
Kikubaaqudgha
Makhleb
Nemelex Xobeh
Okawaru
Qazlal
Ru
Sif Muna
Trog
Uskayaw
Vehumet
Wu Jian
Xom
Yredelemnul
Zin
The Shining One

Shops:
D:12 [


Innate Abilities, Weirdness & Mutations

You are resistant to torment.
Your stone body is resilient. (AC +10)
You are immune to poison.
Your large and strong wings let you fly indefinitely.
You resist negative energy. (rN+)
You are resistant to electric shocks. (rElec)
You can survive without breathing.
You are immune to petrification.
You are immune to rotting.


Message History

The white ugly thing is lightly wounded.
The white ugly thing completely misses you.
Your plate armour prevents you from hitting the white ugly thing.
The white ugly thing is lightly wounded.
You block the white ugly thing's attack.
You hit the white ugly thing.
The white ugly thing is poisoned.
The white ugly thing is moderately wounded.
You sock the white ugly thing!
The white ugly thing looks as sick as possible!
The white ugly thing is heavily wounded.
The white ugly thing engulfs you. The white ugly thing freezes you!!
You feel a terrible chill!
* * * LOW HITPOINT WARNING * * *
The howler monkey hoots and howls with incredible vigour!
You clear your throat and prepare to recite. "The servants of Hell stood before Zin, and in that instant..."
The white ugly thing engulfs you.
* * * LOW HITPOINT WARNING * * *
The white ugly thing freezes you!!
You feel a terrible chill!
You die...

##...............##....##
#.............######....
##.........#### ###..
##......)#### ##### ###
######..###).## ####...#
# ##......## #..##
##......## #.....###
##..# #........# ##....#
#..###...J....# ##..##
##@##.........## ##.##
#u.#..........# #..#
#..#...J......# ##.##
##J#h..hh.....## #.##
#.h...J.......# ###
##h.......u...#
#.#......u...#
#..#.....<..##
##.##......##


You could see a white ugly thing, a slime creature and 2 howler monkeys.

Vanquished Creatures
  Rupert (D:14)
  A minotaur (Lab)
  Josephine (D:10)
  2 hydras (D:12)
  The ghost of video the Grappler, a journeyman MiMo of Cheibriados (D:10)
  Erica (D:9)
  3 centaur warriors
  A dancing weapon (D:9)
  An ogre mage (D:14)
  6 two-headed ogres
  6 skeletal warriors
  4 unseen horrors (D:11)
  The ghost of trianova the Covert, a novice VSAs of Okawaru (D:9)
  A deep elf archer (D:13)
  2 deep elf magi (D:13)
  4 ugly things
  4 cyclopes
  A manticore (D:13)
  Joseph (D:9)
  2 centaur zombies
  2 gargoyles
  5 centaur skeletons
  Maurice (D:9)
  A komodo dragon (D:13)
  An efreet (D:13)
  A wolf spider simulacrum (D:14)
  2 trolls (D:11)
  A hornet (D:9)
  A hippogriff (D:14)
  12 slime creatures
  Grinder (D:6)
  Prince Ribbit (D:5)
  2 dream sheep (D:12)
  Sigmund (D:6)
  3 wyverns
  6 wraiths
  Eustachio (D:5)
  16 yaks
  The ghost of Jaiteiro the Shield-Bearer, an amateur GnFi (D:3)
  2 steam dragons
  A basilisk (D:14)
  2 vampire mosquitoes (D:14)
  A hungry ghost (D:12)
  Menkaure (D:6)
  Edmund (D:4)
  A soldier ant (D:9)
  2 acid dragons
  A water moccasin (D:11)
  Duvessa (D:5)
  9 orc warriors
  A hornet zombie (D:14)
  2 black bears
  6 sky beasts
  3 ice beasts
  2 eyes of draining
  2 necrophages
  6 ogres
  5 centaurs
  2 crocodiles
  7 big kobolds
  2 wyvern zombies (D:11)
  15 bullfrogs
  Dowan (D:5)
  A wyvern skeleton (D:7)
  3 scorpions
  30 killer bees
  4 electric eels
  19 wights
  6 howler monkeys
  10 crimson imps
  2 quasits
  8 orc priests
  13 orc wizards
  4 jellies
  4 bullfrog skeletons
  2 gnoll shamans
  4 hounds
  6 iguanas
  6 worker ants
  2 hound zombies
  A hound skeleton (D:5)
  A worker ant zombie (D:11)
  13 gnolls
  18 adders
  9 shadow imps
  An adder skeleton (D:9)
  A worm (D:5)
  6 dart slugs
  6 leopard geckos
  53 orcs
  5 giant cockroaches
  13 goblins
  5 hobgoblins
  7 jackals
  3 quokkas
  4 ball pythons
  7 bats
  5 frilled lizards
  A giant cockroach zombie (D:6)
  16 kobolds
  A quokka skeleton (D:5)
  2 quokka zombies (D:6)
  6 rats
487 creatures vanquished.

Vanquished Creatures (others)
  A boggart (D:13)
  A plant (D:4)
2 creatures vanquished.

Grand Total: 489 creatures vanquished

Notes
Turn   | Place    | Note
-------+----------+-------------------------------------------
     0 | D:1      | Yuikono the Gargoyle Fighter began the quest for the Orb.
     0 | D:1      | Reached XP level 1. HP: 14/14 MP: 1/1
   106 | D:1      | Reached XP level 2. HP: 18/19 MP: 2/2
   295 | D:1      | Reached XP level 3. HP: 23/23 MP: 3/3
   682 | D:2      | Reached XP level 4. HP: 29/29 MP: 4/4
   753 | D:2      | You fall through a shaft for 2 floors!
   821 | D:4      | Noticed an ogre
   829 | D:4      | Found a transporter.
   860 | D:4      | Reached XP level 5. HP: 29/33 MP: 5/5
   864 | D:4      | Killed an ogre
   956 | D:3      | Reached XP level 6. HP: 39/39 MP: 6/6
  1567 | D:3      | Found a shattered altar of Ashenzari.
  1593 | D:3      | Reached skill level 5 in Armour
  1593 | D:3      | Reached skill level 5 in Shields
  1951 | D:3      | Reached skill level 5 in Fighting
  2090 | D:3      | Reached XP level 7. HP: 44/44 MP: 7/7
  2100 | D:3      | Found an ornate altar of the Wu Jian Council.
  2233 | D:3      | Found a runed door.
  2237 | D:3      | Noticed Jaiteiro's ghost (amateur GnFi)
  2615 | D:3      | Killed Jaiteiro's ghost
  2728 | D:4      | Found a transporter.
  2791 | D:4      | Found a radiant altar of Vehumet.
  2853 | D:4      | Noticed Edmund
  2867 | D:4      | Killed Edmund
  3111 | D:4      | Got a polished scale mail
  3115 | D:4      | Got a translucent trident
  3808 | D:4      | Identified the +4 trident of Ciodos {pierce, Int+4} (You
                  | found it on level 4 of the Dungeon)
  3812 | D:4      | Reached XP level 8. HP: 38/51 MP: 8/8
  4117 | D:5      | Entered Level 5 of the Dungeon
  4131 | D:5      | Noticed Eustachio
  4307 | D:5      | Reached skill level 5 in Maces & Flails
  4432 | D:5      | Killed Eustachio
  4468 | D:5      | Found a glowing silver altar of Zin.
  4498 | D:5      | Became a worshipper of Zin the Law-Giver
  4498 | D:5      | Reached * piety under Zin
  4626 | D:5      | Noticed Duvessa
  4847 | D:5      | Noticed Dowan
  4848 | D:5      | Killed Duvessa
  4922 | D:5      | Killed Dowan
  4922 | D:5      | Reached XP level 9. HP: 56/56 MP: 9/9
  5154 | D:5      | Noticed Prince Ribbit
  5166 | D:5      | Killed Prince Ribbit
  5689 | D:6      | Noticed Sigmund
  5708 | D:6      | Killed Sigmund
  5798 | D:6      | Reached XP level 10. HP: 59/64 MP: 10/10
  5864 | D:6      | Identified the +5 scale mail of Circular Logic {MP+9} (You
                  | found it on level 4 of the Dungeon)
  6155 | D:6      | Found a staircase to the Ecumenical Temple.
  6269 | D:6      | Noticed Menkaure
  6280 | D:6      | Killed Menkaure
  6624 | D:6      | Noticed Grinder
  6655 | D:6      | Killed Grinder
  6662 | D:6      | Reached ** piety under Zin
  6835 | D:6      | Found a bloodstained altar of Trog.
  6955 | Temple   | Entered the Ecumenical Temple
  7664 | D:7      | Found a sparkling altar of Nemelex Xobeh.
  7675 | D:7      | Reached *** piety under Zin
  7982 | D:7      | Got a brightly glowing buckler
  7993 | D:7      | Identified the -1 buckler of Amelioration {rF++ Slay+2}
                  | (You found it on level 7 of the Dungeon)
  8239 | D:8      | Reached skill level 1 in Invocations
  8400 | D:8      | Identified a scroll of acquirement
  8414 | D:8      | Noticed a dagger
  8417 | D:8      | Found a hide-covered altar of Uskayaw.
  8418 | D:8      | Noticed a hand axe
  8628 | D:8      | Found a basalt altar of Yredelemnul.
  9033 | D:9      | Noticed Joseph
  9091 | D:9      | Noticed Maurice
  9115 | D:9      | Killed Maurice
  9177 | D:9      | Noticed Erica
  9190 | D:9      | Killed Erica
  9190 | D:9      | Reached XP level 11. HP: 55/69 MP: 13/13
  9192 | D:9      | Reached **** piety under Zin
  9193 | D:9      | Found a staircase to the Orcish Mines.
  9233 | D:9      | Killed Joseph
  9293 | D:9      | Noticed a two-headed ogre
  9310 | D:9      | Killed a two-headed ogre
  9310 | D:9      | Reached skill level 10 in Armour
  9310 | D:9      | Reached skill level 10 in Shields
  9555 | D:9      | Found a runed door.
  9598 | D:9      | Found a glowing golden altar of the Shining One.
  9598 | D:9      | Found a sacrificial altar of Ru.
  9690 | D:9      | Found a shimmering altar of Xom.
  9690 | D:9      | Noticed trianova's ghost (novice VSAs)
  9690 | D:9      | Noticed a rapier of chaos
  9697 | D:9      | Paralysed by a rapier of chaos for 5 turns
  9703 | D:9      | Killed a rapier of chaos
  9708 | D:9      | Killed trianova's ghost
  9708 | D:9      | Reached skill level 5 in Invocations
  9778 | D:10     | Entered Level 10 of the Dungeon
  9826 | D:10     | Noticed Josephine
  9861 | D:10     | Killed Josephine
  9936 | D:10     | Noticed a cyan ugly thing
 10204 | D:9      | Killed a cyan ugly thing
 10350 | D:10     | Noticed a centaur warrior
 10366 | D:10     | Killed a centaur warrior
 10370 | D:10     | Reached XP level 12. HP: 35/75 MP: 16/16
 10894 | D:11     | Reached skill level 10 in Maces & Flails
 11295 | D:11     | Found a runed gate.
 11295 | D:11     | Found a runed gate.
 11295 | D:11     | Found a runed gate.
 11297 | D:11     | Noticed a minotaur
 11300 | D:11     | Noticed video's ghost (journeyman MiMo)
 12013 | D:11     | Found a staircase to the Lair.
 12387 | D:10     | Killed video's ghost
 12977 | D:11     | minotaur 11
 12977 | D:11     | :
 13363 | D:12     | Noticed a six-headed hydra
 13531 | D:12     | Killed a six-headed hydra
 13824 | D:12     | Reached XP level 13. HP: 78/80 MP: 19/19
 13850 | D:12     | Found Sifiod's Armour Emporium.
 14508 | D:13     | Found a gate to the Vaults.
 14675 | D:13     | Found a labyrinth entrance.
 14684 | Lab      | Entered a labyrinth
 15377 | Lab      | Noticed a minotaur
 15403 | Lab      | Killed a minotaur
 15416 | Lab      | Found the +7 captain's cutlass {speed, disarm}
 15789 | D:13     | Reached ***** piety under Zin
 17392 | D:13     | Reached skill level 10 in Invocations
 17715 | D:14     | Found a shadowy altar of Dithmenos.
 17873 | D:13     | Gained mutation: Your large and strong wings let you fly
                  | indefinitely. [Gargoyle growth]
 17873 | D:13     | Reached XP level 14. HP: 49/84 MP: 21/21
 18358 | D:14     | Noticed Rupert
 18397 | D:14     | Paralysed by Rupert for 7 turns
 18401 | D:14     | Killed Rupert
 19135 | D:14     | Demolished by a white ugly thing

Skill      XL: |  1  2  3  4  5  6  7  8  9 10 11 12 13 |
---------------+----------------------------------------+-----
Fighting       | 4 5 6 8 |  8.8
Armour         | 4 5 6 8 9 10 12 13 | 13.6
Shields        | 4 5 6 8 9 10 12 13 | 13.6
Maces & Flails | 3 4 5 7 8 9 10 12 | 12.4
Invocations    | 3 6 8 10 | 10.9

Action                   |  1- 3 |  4- 6 |  7- 9 | 10-12 | 13-15 || total
-------------------------+-------+-------+-------+-------+-------++-------
Melee: Flail             |    20 |       |       |    28 |    84 ||   132
       Mace              |    75 |   145 |   308 |   962 |   735 ||  2225
       Trident           |       |       |    13 |       |       ||    13
       War axe           |       |       |       |       |     2 ||     2
 Fire: Blowgun           |       |       |    13 |       |       ||    13
       Hunting sling     |       |       |     7 |       |       ||     7
Throw: Stone             |       |       |    25 |    50 |     5 ||    80
       Tomahawk          |       |       |       |       |    14 ||    14
       Javelin           |       |       |       |       |     1 ||     1
Invok: Recite            |       |       |     6 |    38 |    13 ||    57
       Imprison          |       |       |       |     1 |       ||     1
       Vitalisation      |       |       |       |       |     2 ||     2
       Sanctuary         |       |       |       |       |     1 ||     1
 Abil: Fly               |       |       |       |       |     1 ||     1
Evoke: Wand              |       |       |       |     3 |     4 ||     7
  Use: Potion            |       |     1 |       |     1 |       ||     2
       Scroll            |       |       |     4 |    18 |     4 ||    26
 Stab: Confused          |       |       |       |     6 |       ||     6
       Invisible         |       |       |       |     4 |       ||     4
  Eat: Chunk             |       |     4 |     2 |    20 |    10 ||    36
       Ration            |       |       |     3 |     2 |     3 ||     8
Armor: Scale mail        |    73 |    66 |   105 |   308 |       ||   552
       Plate armour      |       |       |       |   430 |   384 ||   814
Dodge: Dodged            |    34 |    48 |    86 |   315 |   143 ||   626
Block: Shield            |    50 |    72 |   143 |   172 |   551 ||   988
       Buckler           |       |       |       |   165 |       ||   165
